cohdb
Replays
Latest Replays
All Replays
Popular Replays
Top Player Replays
Match Explorer
How It Works
Community
CoH3 Stats
Reddit
Sign in to upload your games and track your stats! →
Sign in with Steam
Match 45050402
Unlisted
Match 45050402
Overview
Messages
Build Orders
End
Construct Barracks
Riflemen Squad
Riflemen Squad
Riflemen Squad
Grenade Package
Riflemen Squad
Mechanized Support Center
Construct Medical Station
Engineer Squad
M1918 Browning Automatic Rifles
.30 cal Machine Gun
Mortar Pit
.30 cal Machine Gun
Construct Tank Depot
Selects Armored Battlegroup
Selects Veteran Crews
Selects Strength in Steel
Selects Seek and Destroy
Selects UNKNOWN (2160077)
Improvised Armor
M4A1 76mm Conversion
M4A3E8 Sherman Easy Eight
Selects M31 Recovery Vehicle
Selects War Machine
M31 Recovery Vehicle
RexyMR
This Sly Moose
burak.sezgin34fb
tbig13
Joraad
GuccieSwag
nyanpasaran¡!
Skaarj
0
0
Comments
sign in to comment!
No comments posted yet!